 Dungeon Crawl Stone Soup version 0.28.0-47-ge53b351184 (webtiles) character file.

Game seed: 1748637593560424722

148 firemarshallily the Magician (level 5, -4/35 HPs)
             Began as a Djinni Summoner on May 4, 2022.
             Slain by Ijyb
             ... wielding a +0 club
              (9 damage)
             ... on level 3 of the Dungeon.
             The game lasted 00:09:39 (2623 turns).

firemarshallily the Magician (Djinni Summoner)      Turns: 2623, Time: 00:09:39

Health: -4/35      AC:  3    Str:  7    XL:     5   Next: 56%
Gold:   72         EV: 12    Int: 18    God:
                   SH:  0    Dex: 14

rFire   + + .      SeeInvis .   k - +0 dagger (venom)
rCold   x . .      Faith    .   (no shield)
rNeg    . . .      Spirit   .   a - +1 robe
rPois   ∞          Reflect  .   (no helmet)
rElec   .          Harm     .   (no cloak)
rCorr   .          Rampage  .   (no gloves)
Will    .....                   (boots unavailable)
Stlth   ++........              (no amulet)
HPRegen 0.11/turn               (no ring)
MPRegen 0.00/turn               (no ring)

@: flying
A: sickness immunity, fire resistance 2, cold vulnerability 1, float, innate
caster, HP casting, extra vitality 1
a: no special abilities


You were on level 3 of the Dungeon.
You visited 1 branch of the dungeon, and saw 3 of its levels.

You collected 72 gold pieces.

Inventory:

Hand Weapons
 k - a +0 dagger of venom (weapon)
Missiles
 j - 38 stones
Armour
 a - a +1 robe (worn)
Wands
 f - a wand of polymorph (6)
Scrolls
 c - a scroll of fear
 d - a scroll of vulnerability {unknown}
 e - a scroll of magic mapping
 i - a scroll of teleportation
Potions
 b - a potion of haste
 g - a potion of lignification


   Skills:
 - Level 2.1 Dodging
 - Level 2.0 Stealth
 + Level 4.9 Spellcasting


You couldn't memorise any spells.
You knew the following spells:

 Your Spells              Type           Power      Damage    Failure   Level
a - Summon Small Mammal   Summ           88%        N/A       1%          1
b - Call Imp              Summ           22%        N/A       2%          2
c - Call Canine Familiar  Summ           22%        N/A       5%          3
d - Summon Guardian Gole  Hex/Summ       22%        N/A       5%          3
e - Summon Lightning Spi  Summ/Air       22%        N/A       17%         4
f - Foxfire               Conj/Fire      88%        2x1d8     1%          1
g - Corpse Rot            Necr/Air       44%        N/A       2%          2
Your spell library was empty.

Dungeon Overview and Level Annotations

Branches:
Dungeon (3/15)

Altars:
Okawaru
Zin

Shops:
D:1 =

Annotations:
D:3 Ijyb


Innate Abilities, Weirdness & Mutations

You are immune to sickness and miasma.
You are immune to poison.
Your flesh is very heat resistant. (rF++)
You are vulnerable to cold. (rC-)
You float through the air rather than walking.
You learn spells naturally, not from books.
Your magical power is your life essence.
You have superior vitality. (+4 MHP)


Message History

The adder is severely wounded.
The adder bites you.
Your rat bites the adder.
Your crimson imp hits Ijyb but does no damage.
You hit the adder.
You kill the adder!
Casting: Summon Small Mammal (safe; 1% risk of failure)
Confirm with . or Enter, or press ? or * to list all spells.
Ijyb barely misses you. Ijyb completely misses you.
Your crimson imp misses Ijyb.
Casting: Summon Small Mammal (safe; 1% risk of failure)
Confirm with . or Enter, or press ? or * to list all spells.
Ijyb hits you with a +0 club!
* * * LOW HITPOINT WARNING * * *
Your rat barely misses Ijyb. x2
Your crimson imp hits Ijyb but does no damage.
You swap places.
Ijyb hits your crimson imp with a +0 club.
Your hound closely misses Ijyb.
Ijyb hits your crimson imp with a +0 club.
Your rat bites Ijyb but does no damage.
Your rat misses Ijyb.
Your crimson imp closely misses Ijyb.
Your hound bites Ijyb.
Ijyb hits your hound with a +0 club!
Your rat closely misses Ijyb.
Your rat bites Ijyb but does no damage.
Your hound closely misses Ijyb.
Your crimson imp misses Ijyb.
Ijyb hits your hound with a +0 club.
Your hound misses Ijyb. Ijyb barely misses your hound.
Your rat barely misses Ijyb.
Your rat bites Ijyb but does no damage.
Your crimson imp hits Ijyb but does no damage.
Your hound bites Ijyb but does no damage.
Ijyb misses your hound.
Your rat bites Ijyb but does no damage.
Your rat bites Ijyb.
Your hound barely misses Ijyb.
Your crimson imp blinks!
Ijyb hits your hound with a +0 club!
Your hound dies!
Your hound's corpse disappears in a puff of smoke!
Your rat closely misses Ijyb.
Ijyb rages.
Ijyb closely misses you. Ijyb hits you with a +0 club!
You die...

### ### ### #.# #.####.#
#.###.#....# #.....#.##.#
####.###.#.##.#
#....###.#.##.####
#.##.#......#.#...
#######@#†.#.#.#..#.#...
.......g..........^.'...
#######.#..#.#....###...
#r#..#.#<.....'...
#.#..#.#....###...
##r#..#....#.......
♣..#..#............
≈≈≈≈≈..♣.#.......#.###...
.....≈.♣.#..###. # ###†..


You could see Ijyb (berserk, ally target) and 2 friendly rats.

Vanquished Creatures
  5 adders
  2 worms
  An endoplasm (D:2)
  3 goblins
  4 hobgoblins
  A quokka (D:1)
  A kobold (D:3)
  A rat (D:1)
18 creatures vanquished.

Vanquished Creatures (collateral kills)
  An iguana (D:2)
  A howler monkey skeleton (D:3)
  2 adders (D:2)
  A dart slug (D:1)
  4 ball pythons
  3 endoplasms (D:1)
  2 giant cockroaches (D:2)
  A goblin (D:1)
  A quokka (D:3)
  6 bats
  A frilled lizard (D:1)
  A kobold (D:3)
  2 rats
26 creatures vanquished.

Vanquished Creatures (others)
  33 foxfires
33 creatures vanquished.

Grand Total: 77 creatures vanquished

Notes
Turn   | Place    | Note
-------+----------+-------------------------------------------
     0 | D:1      | firemarshallily the Djinni Summoner began the quest for the
                  | Orb.
     0 | D:1      | Reached XP level 1. HP: 15/15 MP: 0/0
   253 | D:1      | Reached XP level 2. HP: 3/21 MP: 0/0
   560 | D:1      | Found Suoshreyf's Jewellery Shop.
  1064 | D:1      | Reached XP level 3. HP: 23/25 MP: 0/0
  1064 | D:1      | Learned a level 1 spell: Foxfire
  1416 | D:2      | Reached skill level 4 in Spellcasting
  1479 | D:2      | Reached XP level 4. HP: 27/31 MP: 0/0
  1621 | D:2      | Reached XP level 5. HP: 13/35 MP: 0/0
  1621 | D:2      | Learned a level 2 spell: Corpse Rot
  1855 | D:2      | Found an iron altar of Okawaru.
  2602 | D:3      | Found a glowing silver altar of Zin.
  2604 | D:3      | Noticed Ijyb
  2623 | D:3      | Slain by Ijyb

Illustrated notes

Levels and vault maps discovered:
D:1:      roderic_chinese_lattice_arrival, layout_basic, serial_shops,
          nicolae_shop_hallway_plus, minmay_statues_item, minmay_hexomino_p4
D:2:      layout_basic, basic_altar, minmay_between
D:3:      layout_basic, mainiacjoe_overflow_paths,
          nicolae_ecumenical_snake_handling,
          nicolae_concentric_dashed_squares_mild, uniq_ijyb

Skill      XL: |  1  2  3 |
---------------+----------+-----
Stealth        | 2 |  2.0
Spellcasting   | 4 |  4.9
Dodging        | |  2.1

Action                   |  1- 3 |  4- 6 || total
-------------------------+-------+-------++-------
Melee: Dagger            |    33 |    23 ||    56
       Punch             |     2 |     1 ||     3
 Cast: Summon Small Mamm |    35 |    34 ||    69
       Foxfire           |     8 |    12 ||    20
       Call Imp          |       |     6 ||     6
       Call Canine Famil |       |     1 ||     1
  Use: Scroll            |       |     7 ||     7
 Stab: Sleeping          |     1 |       ||     1
       Distracted        |       |     1 ||     1
Armor: Robe              |    10 |     4 ||    14
Dodge: Dodged            |    37 |    20 ||    57
